 Dungeon Crawl Stone Soup version 0.30-a0-930-gb9d0489357 (webtiles) character file.

Game seed: 10363959205381259044

28 DeathPants the Shield-Bearer (level 3, 0/20 HPs)
             Began as a Vine Stalker Fighter on Mar 23, 2023.
             Slain by an orc
             ... wielding a +0 club
              (2 damage)
             ... on level 1 of the Dungeon.
             The game lasted 00:02:56 (935 turns).

DeathPants the Shield-Bearer (Vine Stalker Fighter)  Turns: 935, Time: 00:02:56

Health: 0/20       AC:  6    Str: 18    XL:     3   Next: 12%
Magic:  0/4        EV:  9    Int: 10    God:
Gold:   59         SH:  4    Dex: 13    Spells: 2/2 levels left

rFire   . . .      SeeInvis .    a - +0 rapier
rCold   . . .      Faith    .    c - +0 buckler
rNeg    + . .      Spirit   +    b - +0 scale mail
rPois   .          Reflect  .    (no helmet)
rElec   .          Rampage  .    (no cloak)
rCorr   .                        (no gloves)
Will    .....                    (no boots) Stlth
                                 (no amulet)
HPRegen 0.23/turn                h - ring of positive energy
MPRegen 0.09/turn                (no ring)

@: no status effects
A: fangs 2, magic shield, antimagic bite, no potion heal 2
a: no special abilities


You were on level 1 of the Dungeon.
You visited 1 branch of the dungeon, and saw 2 of its levels.

You collected 59 gold pieces.

Inventory:

Hand Weapons
 a - a +0 rapier (weapon)
Armour
 b - a +0 scale mail (worn)
 c - a +0 buckler (worn)
Jewellery
 h - a ring of positive energy (left hand)
Scrolls
 e - a scroll of identify {unknown}
 i - a scroll of silence {unknown}
 j - a scroll of teleportation {unknown}
 k - a scroll of fog {unknown}
Potions
 d - 2 potions of might
 f - a potion of ambrosia {unknown}
 g - a potion of berserk rage {unknown}
 l - a potion of attraction {unknown}


   Skills:
 + Level 3.0 Fighting
 * Level 2.5 Short Blades
 - Level 2.4 Armour
 + Level 3.0 Shields


You had 2 spell levels left.
You didn't know any spells.
Your spell library was empty.

Dungeon Overview and Level Annotations

Branches:
Dungeon (2/15)

Altars:


Innate Abilities, Weirdness & Mutations

You have extremely sharp teeth.
When hurt, damage is shared between your health and your magic reserves.
Your bite disrupts and absorbs the magic of your enemies.
Potions cannot restore your health.


Message History

You barely miss the orc. You bite the orc, but do no damage.
The orc closely misses you. x2
You hit the orc.
The orc is moderately wounded.
The orc hits you but does no damage. The orc closely misses you.
You hit the orc but do no damage.
The orc is moderately wounded.
You block the orc's attack. The orc hits you with a +0 club.
* * * LOW HITPOINT WARNING * * *
You barely miss the orc. You bite the orc. You drain its power.
You feel invigorated.
The orc is severely wounded.
The orc hits you with a +0 whip.
* * * LOW HITPOINT WARNING * * *
The orc barely misses you. You block the orc's attack. x2
The orc attacks as you move away! The orc hits you but does no damage.
The orc attacks as you move away! The orc hits you but does no damage.
The orc attacks as you move away! The orc barely misses you.
You hit the orc.
The orc is almost dead.
You hit the orc but do no damage. You bite the orc, but do no damage.
The orc hits you with a +0 whip.
* * * LOW HITPOINT WARNING * * *
The orc hits you with a +0 club.
* * * LOW HITPOINT WARNING * * *
You hit the orc but do no damage.
The orc is almost dead.
You block the orc's attack. The orc hits you but does no damage.
You closely miss the orc.
The orc is almost dead.
The orc hits you with a +0 whip.
* * * LOW HITPOINT WARNING * * *
You block the orc's attack.
You closely miss the orc.
The orc is almost dead.
The orc barely misses you. The orc hits you but does no damage.
You hit the orc.
You kill the orc!
The orc hits you with a +0 club.
You die...

.)###.###....#
#..........#### .)#
#........#
#.##.....).#
..###..####..#
#.#..###.#.#
.......# #..###...##
#.#.#
.......####...#..###
#.#.#
..............#..#
#.#.#
.................#
#.#.###
..............>#)#
#.#...#
.#.#########...o@#
#.###.#
.............#####
#.# #.#
##.######.##.#
#.###.#
##.#########.#
#.....#
.............#
#.#####
##.########### ###
|....# ######


You could see an orc.

Vanquished Creatures
  An adder (D:2)
  A dart slug (D:1)
  An orc (D:1)
  A ball python (D:1)
  2 endoplasms (D:1)
  A goblin (D:1)
  2 hobgoblins (D:1)
  4 bats (D:1)
  A frilled lizard (D:1)
  A kobold (D:1)
  2 rats (D:1)
17 creatures vanquished.

Notes
Turn   | Place    | Note
-------+----------+-------------------------------------------
     0 | D:1      | DeathPants the Vine Stalker Fighter began the quest for the
                  | Orb.
     0 | D:1      | Reached XP level 1. HP: 11/11 MP: 2/2
   180 | D:1      | Reached XP level 2. HP: 16/16 MP: 3/3
   339 | D:2      | Reached XP level 3. HP: 8/20 MP: 4/4
   935 | D:1      | Slain by an orc

Illustrated notes

Levels and vault maps discovered:
D:1:      dpeg_arrival_tiny_i, layout_basic, nicolae_figureground_pulse
D:2:      minmay_alternating_diamond, layout_basic,
          hellmonk_ecumenical_altar_defaced_shrine, dreamdust_princess_bridge,
          chequers_serial_rivers_small_b, ebering_dispersal_statue_hall,
          lexackson_kobold_supper

Skill      XL: |  1  2 |
---------------+-------+-----
Short Blades   | 2 |  2.5
Fighting       | 3 |  3.0
Shields        | 3 |  3.0
Armour         | |  2.4

Action                     || total
---------------------------++-------
  Melee: Rapier            ||    64
         Bite              ||     9
 Armour: Scale mail        ||    28
  Dodge: Dodged            ||    35
  Block: Buckler           ||    18

Table legend: (Time is in decaauts)
 A = Elapsed time spent in this place.
 B = Non-inter-level travel time spent in this place.
 C = Inter-level travel time spent in this place.
 D = Time resting spent in this place.
 E = Time spent auto-exploring this place.
 F = Levels seen in this place.
 G = Mean time per level.
                   A        B        C        D        E       F      G
               +--------+--------+--------+--------+--------+-----+--------+
         Total |    943 |    924 |     19 |      0 |    716 |   2 |  471.5 |
       Dungeon |    943 |    924 |     19 |      0 |    716 |   2 |  471.5 |
               +--------+--------+--------+--------+--------+-----+--------+

Top non-repeatable levels by time:
     D:1: 804 daAuts
     D:2: 139 daAuts
